PAA
CASPER GHOSTS @ SPRINGFIELD SHOOTERS
07/03/2021
 
TOP OF THE 1ST
Casper Ghosts batting - Pitching for Springfield Shooters : RHP Ken Hughes
Pitching: RHP Ken Hughes
Batting: LHB Terry Johnson 0-0: Ball
1-0: SINGLE (Groundball, 34D)
Batting: SHB José Juárez 0-0: Ball
1-0: Called Strike
1-1: Ball
2-1: Foul Ball, location: 2F
2-2: Fly out, F9 (Flyball, 9LD)
Batting: RHB Dave Young 0-0: Ball
1-0: Ball
Wild Pitch!
Terry Johnson to second
2-0: Foul Ball, location: 2F
2-1: Ball
3-1: DOUBLE (Flyball, 89D)
Terry Johnson scores
Batting: RHB Lorenzo Díaz 0-0: Called Strike
0-1: Ball
Passed Ball!
Dave Young to third
1-1: SINGLE (Line Drive, 6M)
Dave Young scores
Batting: RHB Seon-keun Kim 0-0: Swinging Strike
0-1: Ball
1-1: Swinging Strike
1-2: Foul Ball, location: 2F
1-2: Foul Ball, location: 2F
1-2: Strikes out swinging
Batting: SHB Alonso Rodríguez 0-0: Ball
1-0: Fly out, F6 (Popup, 56)
Top of the 1st over - 2 run(s), 3 hit(s), 0 error(s), 1 left on base; Casper 2 - Springfield 0
BOTTOM OF THE 1ST
Springfield Shooters batting - Pitching for Casper Ghosts : RHP Jim Unknown
Pitching: RHP Jim Unknown
Batting: SHB Albert Santos 0-0: Ball
1-0: Foul Ball, location: 2F
1-1: Foul Ball, location: 2F
1-2: Fly out, F8 (Flyball, 8LM)
Batting: RHB Ethan Miller 0-0: Called Strike
0-1: Ball
1-1: Ball
2-1: Foul Ball, location: 2F
2-2: Fly out, F7 (Flyball, 7S)
Batting: RHB José López 0-0: Called Strike
0-1: Ball
1-1: Ground out 5-3 (Groundball, 56S)
Bottom of the 1st over - 0 run(s), 0 hit(s), 0 error(s), 0 left on base; Casper 2 - Springfield 0
TOP OF THE 2ND
Casper Ghosts batting - Pitching for Springfield Shooters : RHP Ken Hughes
Batting: LHB Harrison Jones 0-0: Ball
1-0: Called Strike
1-1: Ground out U3 (Groundball, 3L)
Batting: RHB Juan García 0-0: Foul Ball, location: 2F
0-1: Foul Ball, location: 2F
0-2: Ball
1-2: Ground out 4-3 (Groundball, 4M)
Batting: RHB Mark Davis 0-0: Called Strike
0-1: Called Strike
0-2: Ball
1-2: Ball
2-2: Foul Ball, location: 2F
2-2: Ball
3-2: Foul Ball, location: 2F
3-2: Base on Balls
Batting: LHB Terry Johnson 0-0: Called Strike
Mark Davis steals 2nd base
0-1: Ball
1-1: Foul Ball, location: 2F
1-2: SINGLE (Groundball, 34D)
Mark Davis to third
Runner from 3rd tries for Home, SAFE, no throw or cutoff
Batting: SHB José Juárez 0-0: Ball
1-0: Ball
2-0: Ball
3-0: Swinging Strike
3-1: Called Strike
3-2: Foul Ball, location: 2F
3-2: Foul Ball, location: 2F
3-2: Base on Balls
Terry Johnson to second
Batting: RHB Dave Young 0-0: Ball
1-0: Called Strike
1-1: Ball
2-1: Swinging Strike
2-2: SINGLE (Line Drive, 8RS)
Terry Johnson to third
José Juárez to second
Batting: RHB Lorenzo Díaz 0-0: Swinging Strike
0-1: Ball
1-1: Swinging Strike
1-2: Ball
2-2: Ball
3-2: Strikes out swinging
Top of the 2nd over - 1 run(s), 2 hit(s), 0 error(s), 3 left on base; Casper 3 - Springfield 0
BOTTOM OF THE 2ND
Springfield Shooters batting - Pitching for Casper Ghosts : RHP Jim Unknown
Batting: RHB Darrell Terwey 0-0: Ball
1-0: Ball
2-0: Foul Ball, location: 2F
2-1: Ground out 6-3 (Groundball, 6)
Batting: LHB Joram Nelen 0-0: Ball
1-0: Foul Ball, location: 2F
1-1: Ground out 4-3 (Groundball, 34)
Batting: LHB Carl Pierce 0-0: Called Strike
0-1: Ball
1-1: Fly out, F9 (Flyball, 89M)
Bottom of the 2nd over - 0 run(s), 0 hit(s), 0 error(s), 0 left on base; Casper 3 - Springfield 0
TOP OF THE 3RD
Casper Ghosts batting - Pitching for Springfield Shooters : RHP Ken Hughes
Batting: RHB Seon-keun Kim 0-0: Ground out 6-3 (Groundball, 6M)
Batting: SHB Alonso Rodríguez 0-0: Called Strike
0-1: Ball
1-1: Ball
2-1: Ground out 4-3 (Groundball, 4M)
Batting: LHB Harrison Jones 0-0: Ball
1-0: SINGLE (Line Drive, 6D)
Batting: RHB Juan García 0-0: Called Strike
0-1: Swinging Strike
0-2: Ball
Harrison Jones steals 2nd base
1-2: Ball
2-2: Foul Ball, location: 2F
2-2: Strikes out swinging
Top of the 3rd over - 0 run(s), 1 hit(s), 0 error(s), 1 left on base; Casper 3 - Springfield 0
BOTTOM OF THE 3RD
Springfield Shooters batting - Pitching for Casper Ghosts : RHP Jim Unknown
Batting: RHB Iván Ríos 0-0: Ball
1-0: Called Strike
1-1: Ball
2-1: Ball
3-1: Base on Balls
Batting: LHB Carlton Little 0-0: Ball
1-0: Fielders Choice at 2nd, 4-6 (Groundball, 4)
Batting: RHB Álex Escobar 0-0: Swinging Strike
0-1: Reached on Error, E7 (Flyball, 7M)
Carlton Little to second
Batting: SHB Albert Santos 0-0: Foul Ball, location: 2F
0-1: Ball
1-1: SINGLE (Line Drive, 7S)
Carlton Little to third
Álex Escobar to second
Batting: RHB Ethan Miller 0-0: Called Strike
0-1: Ball
1-1: Ball
2-1: SINGLE (Flyball, 89M)
Carlton Little scores
Álex Escobar to third
Albert Santos to second
Batting: RHB José López 0-0: SINGLE (Groundball, 4)
Álex Escobar scores
Albert Santos to third
Ethan Miller to second
Batting: RHB Darrell Terwey 0-0: Ball
1-0: Ball
2-0: Foul Ball, location: 2F
2-1: Foul Ball, location: 2F
2-2: Grounds into double play, U6-3 (Groundball, 6)
Bottom of the 3rd over - 2 run(s), 3 hit(s), 1 error(s), 2 left on base; Casper 3 - Springfield 2
TOP OF THE 4TH
Casper Ghosts batting - Pitching for Springfield Shooters : RHP Ken Hughes
Batting: RHB Mark Davis 0-0: Foul Ball, location: 2F
0-1: Called Strike
0-2: Strikes out swinging
Batting: LHB Terry Johnson 0-0: Ball
1-0: Foul Ball, location: 2F
1-1: Ball
2-1: Foul Ball, location: 2F
2-2: Ball
3-2: Ground out 4-3 (Groundball, 4)
Batting: SHB José Juárez 0-0: Ball
1-0: Foul Ball, location: 2F
1-1: Foul Ball, location: 2F
1-2: Ball
2-2: Ball
3-2: Foul Ball, location: 2F
3-2: Base on Balls
Batting: RHB Dave Young 0-0: Ball
1-0: Ball
2-0: Swinging Strike
2-1: Called Strike
2-2: Fly out, F9 (Flyball, 9M)
Top of the 4th over - 0 run(s), 0 hit(s), 0 error(s), 1 left on base; Casper 3 - Springfield 2
BOTTOM OF THE 4TH
Springfield Shooters batting - Pitching for Casper Ghosts : RHP Jim Unknown
Batting: LHB Joram Nelen 0-0: Called Strike
0-1: Foul Ball, location: 2F
0-2: Hit by Pitch
Batting: LHB Carl Pierce 0-0: Ball
1-0: Ball
2-0: Foul Ball, location: 2F
2-1: DOUBLE (Flyball, 78XD)
Joram Nelen to third
Runner from 3rd tries for Home, SAFE, throw made at trailing runner, SAFE at third!
Batting: RHB Iván Ríos 0-0: Ball
1-0: Ball
2-0: DOUBLE (Flyball, 89XD)
Carl Pierce scores
Batting: LHB Carlton Little 0-0: Called Strike
0-1: Ball
1-1: Ball
2-1: Ball
3-1: Ground out U3 (Groundball, 3)
Iván Ríos to third
Batting: RHB Álex Escobar 0-0: Ball
1-0: Ball
2-0: Fly out, F7 (Flyball, 78M)
Runner from 3rd tags up, SCORES, no throw
Batting: SHB Albert Santos 0-0: Ball
1-0: Called Strike
1-1: Ball
2-1: Ball
3-1: Foul Ball, location: 2F
3-2: Fly out, F5 (Popup, 5)
Bottom of the 4th over - 3 run(s), 2 hit(s), 0 error(s), 0 left on base; Casper 3 - Springfield 5
TOP OF THE 5TH
Casper Ghosts batting - Pitching for Springfield Shooters : RHP Ken Hughes
Batting: RHB Lorenzo Díaz 0-0: Ball
1-0: Called Strike
1-1: Ball
2-1: Foul Ball, location: 2F
2-2: Ground out 6-3 (Groundball, 4MS)
Batting: RHB Seon-keun Kim 0-0: Called Strike
0-1: Ball
1-1: Ball
2-1: SINGLE (Line Drive, 78S)
Batting: SHB Alonso Rodríguez 0-0: SINGLE (Groundball, 15) (infield hit)
Seon-keun Kim to second
Batting: LHB Harrison Jones 0-0: Foul Ball, location: 2F
0-1: Ground out 4-3 (Groundball, 4M)
Seon-keun Kim to third
Alonso Rodríguez to second
Batting: RHB Juan García 0-0: Ball
1-0: Ball
2-0: Foul Ball, location: 2F
2-1: Foul Ball, location: 2F
2-2: Ball
3-2: Base on Balls
Pitching: RHP Nate Arredondo
Batting: RHB Mark Davis 0-0: Ball
1-0: Ball
2-0: Ball
3-0: Base on Balls
Seon-keun Kim scores
Alonso Rodríguez to third
Juan García to second
Batting: LHB Terry Johnson 0-0: Ball
1-0: Foul Ball, location: 2F
1-1: Ground out U3 (Groundball, 3)
Top of the 5th over - 1 run(s), 2 hit(s), 0 error(s), 3 left on base; Casper 4 - Springfield 5
BOTTOM OF THE 5TH
Springfield Shooters batting - Pitching for Casper Ghosts : RHP Jim Unknown
Batting: RHB Ethan Miller 0-0: Called Strike
0-1: Ball
1-1: Ball
2-1: Ball
3-1: Reached on error, E5 (Groundball, 5L)
Batting: RHB José López 0-0: Ball
1-0: Fly out, F8 (Flyball, 8LD)
Runner from 2nd tags up, SAFE at 3rd, no throw
Batting: RHB Darrell Terwey 0-0: Ball
1-0: Fly out, F9 (Line Drive, 9M)
Runner from 3rd tags up, SCORES, throw made
Batting: LHB Joram Nelen 0-0: Foul Ball, location: 2F
0-1: Called Strike
0-2: Ball
1-2: Strikes out looking
Bottom of the 5th over - 1 run(s), 0 hit(s), 1 error(s), 0 left on base; Casper 4 - Springfield 6
TOP OF THE 6TH
Casper Ghosts batting - Pitching for Springfield Shooters : RHP Nate Arredondo
Batting: SHB José Juárez 0-0: Ball
1-0: Called Strike
1-1: Called Strike
1-2: Foul Ball, location: 2F
1-2: Hit by Pitch
Batting: RHB Dave Young 0-0: Ball
1-0: Foul Ball, location: 2F
1-1: Ball
2-1: Ball
3-1: Foul Ball, location: 2F
3-2: Strikes out swinging
Batting: RHB Lorenzo Díaz 0-0: Fly out, F4 (Popup, 4M)
Batting: RHB Seon-keun Kim 0-0: Called Strike
0-1: Ball
1-1: Ground out 6-3 (Groundball, 6)
Top of the 6th over - 0 run(s), 0 hit(s), 0 error(s), 1 left on base; Casper 4 - Springfield 6
BOTTOM OF THE 6TH
Springfield Shooters batting - Pitching for Casper Ghosts : RHP Jim Unknown
Batting: LHB Carl Pierce 0-0: Ball
1-0: Foul Ball, location: 2F
1-1: Foul Ball, location: 2F
1-2: Strikes out swinging
Batting: RHB Iván Ríos 0-0: Ground out 4-3 (Groundball, 4)
Batting: LHB Carlton Little 0-0: Ground out U3 (Groundball, 3L)
Bottom of the 6th over - 0 run(s), 0 hit(s), 0 error(s), 0 left on base; Casper 4 - Springfield 6
TOP OF THE 7TH
Casper Ghosts batting - Pitching for Springfield Shooters : RHP Nate Arredondo
Batting: SHB Alonso Rodríguez 0-0: Swinging Strike
0-1: Foul Ball, location: 2F
0-2: Strikes out swinging
Batting: LHB Harrison Jones 0-0: Ball
1-0: Called Strike
1-1: Ball
2-1: SINGLE (Groundball, 34D)
Batting: RHB Juan García 0-0: Ball
1-0: Foul Ball, location: 2F
1-1: Foul Ball, location: 2F
1-2: Strikes out looking
Throwing error on steal attempt, E2
Harrison Jones to third
Batting: RHB Mark Davis 0-0: Ball
1-0: Foul Ball, location: 2F
1-1: Foul Ball, location: 2F
1-2: Foul Ball, location: 2F
1-2: Foul Ball, location: 2F
1-2: Ball
2-2: Strikes out swinging
Top of the 7th over - 0 run(s), 1 hit(s), 1 error(s), 1 left on base; Casper 4 - Springfield 6
BOTTOM OF THE 7TH
Springfield Shooters batting - Pitching for Casper Ghosts : RHP Jim Unknown
Batting: RHB Álex Escobar 0-0: Ball
1-0: Called Strike
1-1: SINGLE (Groundball, 6MD)
Batting: SHB Albert Santos 0-0: Bunted foul
0-1: Bunted foul
0-2: Foul Ball, location: 2F
0-2: Foul Ball, location: 2F
0-2: Ball
1-2: Ball
2-2: Ball
3-2: Base on Balls
Álex Escobar to second
Batting: RHB Ethan Miller 0-0: Ball
1-0: Ball
2-0: Foul Ball, location: 2F
2-1: Swinging Strike
2-2: Fly out, F7 (Flyball, 78S)
Batting: RHB José López 0-0: Ball
1-0: Fly out, F9 (Flyball, 9S)
Batting: RHB Darrell Terwey 0-0: Ball
1-0: Fielders Choice at 2nd, 5-4 (Groundball, 5)
Bottom of the 7th over - 0 run(s), 1 hit(s), 0 error(s), 1 left on base; Casper 4 - Springfield 6
TOP OF THE 8TH
Casper Ghosts batting - Pitching for Springfield Shooters : RHP Nate Arredondo
Now at 2B: Jim Bunker
Batting: LHB Terry Johnson 0-0: Ball
1-0: SOLO HOME RUN (Flyball, 9LD), Distance : 332 ft
Pitching: RHP Bryce Randolph
Batting: SHB José Juárez 0-0: Ball
1-0: Foul Ball, location: 2F
1-1: Fly out, F4 (Line Drive, 4)
Batting: RHB Dave Young 0-0: Ball
1-0: Fly out, F6 (Popup, 6M)
Batting: RHB Lorenzo Díaz 0-0: Ball
1-0: Foul Ball, location: 2F
1-1: Swinging Strike
1-2: Ball
2-2: Fly out, F8 (Flyball, 8RM)
Top of the 8th over - 1 run(s), 1 hit(s), 0 error(s), 0 left on base; Casper 5 - Springfield 6
BOTTOM OF THE 8TH
Springfield Shooters batting - Pitching for Casper Ghosts : RHP Jim Unknown
Batting: LHB Joram Nelen 0-0: SINGLE (Flyball, 6MD)
Batting: LHB Carl Pierce 0-0: Ball
1-0: Bunt missed!
1-1: Ball
Balk!
Joram Nelen to second
2-1: Bunt missed!
2-2: Foul Ball, location: 2F
2-2: Foul Ball, location: 2F
2-2: Ground out 5-3 (Groundball, 56S)
Joram Nelen to third
Pinch Hitting: SHB Adrián Pueblo 0-0: Intentional Walk
Pinch Hitting: SHB Juan Gil 0-0: Foul Ball, location: 2F
0-1: Ball
1-1: Ball
2-1: Ball
3-1: Called Strike
3-2: SINGLE (Groundball, 34D)
Joram Nelen scores
Adrián Pueblo to second
Pitching: LHP Jim Unknown
Pinch Hitting: RHB Randy Galloway 0-0: Ball
1-0: Foul Ball, location: 2F
1-1: Fly out, F7 (Line Drive, 7M)
Pinch Hitting: RHB José Martínez 0-0: Foul Ball, location: 2F
0-1: Ball
1-1: Called Strike
1-2: Foul Ball, location: 2F
1-2: Foul Ball, location: 2F
1-2: Ball
2-2: Foul Ball, location: 2F
2-2: Foul Ball, location: 2F
2-2: Ball
3-2: Base on Balls
Adrián Pueblo to third
Juan Gil to second
Batting: RHB Ethan Miller 0-0: Ball
1-0: Called Strike
1-1: Ball
2-1: Foul Ball, location: 2F
2-2: Fly out, F7 (Flyball, 78M)
Bottom of the 8th over - 1 run(s), 2 hit(s), 0 error(s), 3 left on base; Casper 5 - Springfield 7
TOP OF THE 9TH
Casper Ghosts batting - Pitching for Springfield Shooters : RHP Bryce Randolph
Pitching: LHP Alfredo Sánchez
Now at 2B: Jack Bell
Now at 3B: Everett Chambers
Now at SS: Héctor Galván
Now in LF: Ed Lee
Batting: RHB Seon-keun Kim 0-0: Foul Ball, location: 2F
0-1: Fly out, F7 (Flyball, 7LM)
Batting: SHB Alonso Rodríguez 0-0: Fly out, F6 (Popup, 6)
Batting: LHB Harrison Jones 0-0: Ball
1-0: Called Strike
1-1: Swinging Strike
1-2: Ground out 4-3 (Groundball, 34)
Top of the 9th over - 0 run(s), 0 hit(s), 0 error(s), 0 left on base; Casper 5 - Springfield 7
This league is powered by Out of the Park Baseball, the baseball management simulation game for PC, Mac and Linux
Friday, January 22nd, 2016 - OOTP Baseball 16.9 Build 39